 Dungeon Crawl Stone Soup version 0.29-a0-551-gffc1d7fb78 (webtiles) character file.

Game seed: 5486045582972072850

35 vulpzor the Skirmisher (level 3, 0/24 HPs)
             Began as a Gargoyle Monk on June 5, 2022.
             Was an Initiate of Gozag.
             Frozen to death by an endoplasm (5 damage)
             ... on level 2 of the Dungeon.
             The game lasted 00:05:36 (1191 turns).

vulpzor the Skirmisher (Gargoyle Monk)              Turns: 1191, Time: 00:05:36

Health: 0/24       AC: 11    Str: 16    XL:     3   Next: 33%
Magic:  3/3        EV:  7    Int: 10    God:    Gozag
Gold:   214        SH:  0    Dex: 12    Spells: 2/2 levels left

rFire   . . .      SeeInvis .   a - +0 mace
rCold   . . .      Faith    .   (no shield)
rNeg    + . .      Spirit   .   f - +0 chain mail
rPois   ∞          Reflect  .   (no helmet)
rElec   +          Harm     .   (no cloak)
rCorr   .          Rampage  .   (no gloves)
Will    .....                   (no boots)
Stlth   ..........              (no amulet)
HPRegen 0.08/turn               (no ring)
MPRegen 0.08/turn               (no ring)

@: no status effects
A: sickness immunity, AC +3, negative energy resistance 1, electricity
resistance, torment resistance 1, petrification resistance
a: Renounce Religion, Potion Petition, Call Merchant, Bribe Branch


You were on level 2 of the Dungeon.
You worshipped Gozag.
Gozag was aware of your devotion.
You visited 1 branch of the dungeon, and saw 2 of its levels.

You collected 214 gold pieces.

Inventory:

Hand Weapons
 a - a +0 mace (weapon)
Armour
 b - a +0 robe
 e - a +0 scale mail
 f - a +0 chain mail (worn)
Scrolls
 c - a scroll of identify {unknown}
 g - a scroll of noise {unknown}
 k - a scroll of brand weapon {unknown}
Potions
 d - a potion of degeneration {unknown}
 h - a potion of haste {unknown}
 i - a potion of invisibility {unknown}
 j - 2 potions of brilliance {unknown}
 l - 2 potions of heal wounds {unknown}


   Skills:
 + Level 3.7 Fighting
 + Level 3.4 Maces & Flails
 + Level 0.6 Armour
 + Level 2.8 Dodging
 + Level 2.1 Stealth


You had 2 spell levels left.
You didn't know any spells.
Your spell library contained the following spells:

 Spells                   Type           Power      Damage    Failure   Level
 Slow                     Hex            0%         N/A       100%        1


Dungeon Overview and Level Annotations

Branches:
Dungeon (2/15)

Altars:
Gozag


Innate Abilities, Weirdness & Mutations

You are immune to sickness and miasma.
Your stone body is resilient. (AC +3)
You are immune to poison.
You resist negative energy. (rN+)
You are resistant to electric shocks. (rElec)
You are resistant to unholy torment.
You are immune to petrification.


Message History

You now have 214 gold pieces (gained 13).
There are no items here.
You see here 3 javelins.
You start resting.
A kobold comes into view. It is wielding a +0 hunting sling.
This spell is impossible to cast!
Memorise Slow, consuming 1 spell level and leaving 1? [Y]es or [N]o only, please.
Memorise Slow, consuming 1 spell level and leaving 1?
The kobold shouts!
The kobold shoots a sling bullet.
Your memorisation is interrupted.
The sling bullet hits you.
The kobold shoots a sling bullet.
The sling bullet hits you.
The kobold shoots a sling bullet.
The sling bullet hits you but does no damage.
The kobold shoots a sling bullet.
The sling bullet hits you.
The kobold unwields a +0 hunting sling.
The kobold wields a +0 whip.
The kobold hits you but does no damage.
An endoplasm comes into view.
The kobold drinks a potion.
The kobold seems to grow stronger.
You closely miss the kobold. The kobold hits you with a +0 whip.
The endoplasm hits you but does no damage.
You closely miss the kobold. The kobold closely misses you.
The endoplasm completely misses you. The kobold hits you with a +0 whip.
You barely miss the kobold. The endoplasm hits you.
* * * LOW HITPOINT WARNING * * *
The kobold hits you but does no damage.
You hit the kobold.
The kobold is severely wounded.
The endoplasm freezes you.
You are frozen.
* * * LOW HITPOINT WARNING * * *
The kobold closely misses you. The kobold barely misses you.
The endoplasm attacks as you move away! The endoplasm completely misses you.
You barely miss the endoplasm. The endoplasm freezes you.
You are frozen.
You die...
Your body crumbles into a pile of gold.

.... #. #.. ## ..## #.
..###.. ...# #.##......
.#.# ........# ##.#
#......# #.# ####
#.#....# ##.##.......
#.#K...# ..[...# #.
#..J#..# $ $ ##.#.##
#.##..@# .# #.#.#
#.#..<.## # #.#.#
#.......# #.#.#
#....(..## ##.#.#
####.......###
...#.####............#
........).........#....
####.####.#####.##......
#.# #.# ### #.####


You could see an endoplasm and a kobold (strong).

Vanquished Creatures
  An adder (D:2)
  A dart slug (D:1)
  3 endoplasms
  A giant cockroach (D:1)
  3 goblins
  2 hobgoblins (D:1)
  2 quokkas (D:2)
  2 ball pythons
  A frilled lizard (D:2)
  3 kobolds
  4 rats
23 creatures vanquished.

Notes
Turn   | Place    | Note
-------+----------+-------------------------------------------
     0 | D:1      | vulpzor the Gargoyle Monk began the quest for the Orb.
     0 | D:1      | Reached XP level 1. HP: 14/14 MP: 1/1
    57 | D:1      | Found a faded altar of an unknown god.
    81 | D:1      | Got Plato's Grimoire of Hexes
    82 | D:1      | Prayed at the altar of an unknown god.
    82 | D:1      | Became a worshipper of Gozag Ym Sagoz the Greedy
   328 | D:1      | Reached XP level 2. HP: 6/19 MP: 2/2
  1015 | D:2      | Reached XP level 3. HP: 13/24 MP: 3/3
  1191 | D:2      | Frozen to death by an endoplasm

Illustrated notes

Levels and vault maps discovered:
D:1:      dpeg_arrival_court, layout_basic, shapermc_ecumenical_altar_rom_forum
D:2:      layout_loops_ring, serial_shops, shop_statue,
          minmay_randomly_rotated_circles, uniq_terence

Action                   || total
-------------------------++-------
Melee: Mace              ||    98
       Punch             ||     2
  Use: Potion            ||     2
 Stab: Distracted        ||     1
Armor: Chain mail        ||    85
Dodge: Dodged            ||    41

Table legend: (Time is in decaauts)
 A = Elapsed time spent in this place.
 B = Non-inter-level travel time spent in this place.
 C = Inter-level travel time spent in this place.
 D = Time resting spent in this place.
 E = Time spent auto-exploring this place.
 F = Levels seen in this place.
 G = Mean time per level.
                   A        B        C        D        E       F      G
               +--------+--------+--------+--------+--------+-----+--------+
         Total |   1214 |   1214 |      0 |    347 |    135 |   2 |  607.0 |
       Dungeon |   1214 |   1214 |      0 |    347 |    135 |   2 |  607.0 |
               +--------+--------+--------+--------+--------+-----+--------+

Top non-repeatable levels by time:
     D:1: 892 daAuts
     D:2: 321 daAuts
